 Dungeon Sprint DCSS version 0.23.2-1-ga50397a6bc (webtiles) character file.

Game seed: 10015497763651045349

441 Kobolds4U the Nimble (level 6, -2/64 HPs)
             Began as a Minotaur Berserker on May 10, 2019.
             Was a Believer of Trog.
             Slain by a slime creature (11 damage)
             ... in the Dungeon (Sprint I: "Red Sonja").
             The game lasted 00:01:37 (461 turns).

Kobolds4U the Nimble (Minotaur Berserker)            Turns: 461, Time: 00:01:37

Health: -2/64      AC: 12    Str: 21    XL:     6   Next: 71%
Magic:  5/5        EV: 10    Int:  4    God:    Trog [**....]
Gold:   309        SH:  0    Dex: 12    Spells: 5/5 levels left

rFire    . . .     SeeInvis .   a - +0 falchion
rCold    . . .     Gourm    .   (no shield)
rNeg     . . .     Faith    .   j - +0 plate armour
rPois    .         Spirit   .   (helmet restricted)
rElec    .         Reflect  .   (no cloak)
rCorr    .         Harm     .   (no gloves)
MR       .....     NoTele   +   (no boots)
Stlth    ..........             (no amulet)
HPRegen  0.20/turn              (no ring)
MPRegen  0.09/turn              (no ring)

@: no status effects
A: retaliatory headbutt, horns 2
a: Berserk, Trog's Hand, Renounce Religion


You were in the Dungeon.
You worshipped Trog.
Trog was pleased with you.
You were not hungry.

You visited 1 branch You collected 309 gold pieces.

Inventory:

Hand Weapons
 a - a +0 falchion (weapon)
Armour
 j - a +0 plate armour (worn)
Scrolls
 i - a scroll of blinking
Potions
 d - a potion of curing
 e - a potion of heal wounds
 f - a potion of haste
 g - 2 potions of magic
 h - a potion of berserk rage
Comestibles
 c - a ration


   Skills:
 + Level 9.4 Fighting
 + Level 9.4 Long Blades
 * Level 6.1 Armour
 - Level 10.1 Dodging


You had 5 spell levels left.
You didn't know any spells.
Your spell library was empty.

Dungeon Overview and Level Annotations

Branches:
Dungeon (1/1)

Altars:
Cheibriados
Dithmenos
Elyvilon
Fedhas
Gozag
Hepliaklqana
Kikubaaqudgha
Makhleb
Nemelex Xobeh
Okawaru
Qazlal
Ru
Sif Muna
Trog
Uskayaw
Vehumet
Wu Jian
Xom
Yredelemnul
Zin
The Shining One
Jiyva
Lugonu

Shops:
D :


Innate Abilities, Weirdness & Mutations

You reflexively headbutt those who attack you in melee.
You have a pair of horns on your head.


Message History

The slime creature hits you!
You barely miss the slime creature. You headbutt the slime creature.
The slime creature is moderately wounded.
You slash the slime creature!
You headbutt the slime creature, but do no damage.
The slime creature is heavily wounded.
The slime creature hits you!
You slash the slime creature!
The slime creature is heavily wounded.
The slime creature hits you.
* * * LOW HITPOINT WARNING * * *
You hit the slime creature.
The slime creature is severely wounded.
The slime creature hits you!
* * * LOW HITPOINT WARNING * * *
You hit the slime creature but do no damage.
You headbutt the slime creature.
The slime creature is severely wounded.
The slime creature hits you!
You die...

###################
#<.#.[)..#..'..#__#
#..').#..').#..@^.+
#..#####'#####'#J_#
#..####..#...#.####
#..#__####..##.#
#..#_____##'#_.+§§
#⌠⌠#_.∩...'..._#§§
####_..__##_.#[##+
#_____###+#.#
####### ###


You could see a slime creature.

Vanquished Creatures
  Sigmund (D)
  A yak (D)
  An ogre (D)
  A jelly (D)
  Ijyb (D)
5 creatures vanquished.

Notes
Turn   | Place    | Note
-------+----------+-------------------------------------------
     0 | D        | Kobolds4U the Minotaur Berserker began the quest for the
                  | Orb.
     0 | D        | Reached XP level 1. HP: 19/19 MP: 0/0
     1 | D        | Noticed Ijyb
     9 | D        | Killed Ijyb
     9 | D        | Reached skill level 5 in Fighting
     9 | D        | Reached skill level 4 in Dodging
     9 | D        | Reached XP level 2. HP: 16/29 MP: 1/1
   153 | D        | Noticed an ogre
   156 | D        | Killed an ogre
   156 | D        | Reached skill level 7 in Dodging
   156 | D        | Reached XP level 3. HP: 38/38 MP: 2/2
   156 | D        | Reached XP level 4. HP: 45/45 MP: 3/3
   193 | D        | Noticed Sigmund
   199 | D        | Killed Sigmund
   199 | D        | Reached ** piety under Trog
   199 | D        | Reached skill level 9 in Dodging
   199 | D        | Reached XP level 5. HP: 39/53 MP: 4/4
   199 | D        | Reached XP level 6. HP: 45/61 MP: 5/5
   288 | D        | Found an ornate altar of the Wu Jian Council.
   288 | D        | Found a deep blue altar of Sif Muna.
   290 | D        | Found a radiant altar of Vehumet.
   293 | D        | Reached skill level 10 in Dodging
   350 | D        | Found Dufreuj's Book Emporium.
   350 | D        | Found an ancient bone altar of Kikubaaqudgha.
   350 | D        | Found a hazy altar of Hepliaklqana.
   350 | D        | Found a stormy altar of Qazlal.
   350 | D        | Found a hide-covered altar of Uskayaw.
   350 | D        | Found a blossoming altar of Fedhas.
   350 | D        | Found a bloodstained altar of Trog.
   350 | D        | Found an iron altar of Okawaru.
   350 | D        | Found a basalt altar of Yredelemnul.
   350 | D        | Found a glowing golden altar of the Shining One.
   350 | D        | Found a snail-covered altar of Cheibriados.
   350 | D        | Found a sacrificial altar of Ru.
   350 | D        | Found a glowing silver altar of Zin.
   350 | D        | Found a shadowy altar of Dithmenos.
   350 | D        | Found a white marble altar of Elyvilon.
   350 | D        | Noticed a yak
   356 | D        | Killed a yak
   357 | D        | Found an opulent altar of Gozag.
   358 | D        | Found a sparkling altar of Nemelex Xobeh.
   452 | D        | Found a viscous altar of Jiyva.
   452 | D        | Found a corrupted altar of Lugonu.
   452 | D        | Noticed a slime creature
   453 | D        | Found a burning altar of Makhleb.
   453 | D        | Found a shimmering altar of Xom.
   461 | D        | Slain by a slime creature

Skill      XL: |  1  2  3  4  5  6 |
---------------+-------------------+-----
Fighting       | 5 6 8 9 |  9.4
Long Blades    | 4 6 8 9 |  9.4
Dodging        | 4 7 9 10 | 10.1
Armour         | 6 |  6.1

Action                   |  1- 3 |  4- 6 || total
-------------------------+-------+-------++-------
Melee: Falchion          |     9 |    21 ||    30
       Headbutt          |     2 |     8 ||    10
Invok: Berserk           |     1 |       ||     1
Armor: Plate armour      |       |     1 ||     1
Dodge: Dodged            |     3 |     6 ||     9
       Rpst.: Falchion   |       |     2 ||     2
